 Dungeon Crawl Stone Soup version 0.28.0-53-g5a82cb258f (webtiles) character file.

Game seed: 6721682173986714002

53239 sanboga the Brawler (level 14, -3/219 HPs)
             Began as a Troll Berserker on Aug 6, 2022.
             Was a High Priest of Trog.
             Splashed by a brown ugly thing's acid (8 damage)
             ... on level 15 of the Dungeon.
             The game lasted 00:27:15 (14261 turns).

sanboga the Brawler (Troll Berserker)              Turns: 14261, Time: 00:27:15

Health: -3/219     AC:  3    Str: 32    XL:     14   Next: 30%
Magic:  13/13      EV: 16    Int:  3    God:    Trog [*****.]
Gold:   1735       SH:  0    Dex:  9    Spells: 13/13 levels left

rFire   + . .      SeeInvis .     - Unarmed
rCold   + . .      Faith    .   (no shield)
rNeg    . . .      Spirit   .   C - +0 troll leather armour
rPois   .          Reflect  .   x - +1 hat
rElec   .          Harm     .   o - scarf {rC+ rF+}
rCorr   .          Rampage  .   (gloves unavailable)
Will    +....                   (boots unavailable)
Stlth   ..........              i - amulet of regeneration
HPRegen 2.86/turn               w - +4 ring of evasion
MPRegen 0.13/turn               t - ring of flight

@: berserking (expiring), corroded, flying, very quick
A: large, unfitting armour, claws 3, regeneration 1, shaggy fur 1, tough skin 1
a: Renounce Religion, Berserk, Trog's Hand, Brothers in Arms


You were on level 15 of the Dungeon.
You worshipped Trog.
Trog was extremely pleased with you.
You visited 1 branch of the dungeon, and saw 15 of its levels.
You also visited: Bailey and Ice Cave.

You collected 1801 gold pieces.
You spent 66 gold pieces at shops.

Inventory:

Hand Weapons
 p - the +8 longbow "Zephyr" {speed, Dex+3 SInv}
   (You found it in a bailey)

   Attacks with this weapon are significantly faster.
   Dex:       It affects your dexterity (+3).
   SInv:      It lets you see invisible.
Armour
 o - a scarf of resistance (worn)
 x - a +1 hat (worn)
 C - a +0 troll leather armour (worn)
Jewellery
 i - an amulet of regeneration (around neck)
 s - a ring of resist corrosion
 t - a ring of flight (right claw)
 w - a +4 ring of evasion (left claw)
 A - a ring of protection from cold
Wands
 b - a wand of paralysis (4)
 k - a wand of flame (34)
 u - a wand of iceblast (12)
 v - a wand of polymorph (8)
 y - a wand of charming (8)
Scrolls
 a - 5 scrolls of identify
 e - a scroll of enchant armour
 f - 10 scrolls of teleportation
 g - a scroll of holy word
 m - 3 scrolls of blinking
 q - 3 scrolls of enchant weapon
 z - 3 scrolls of fear
 D - 2 scrolls of brand weapon
 E - a scroll of magic mapping
Potions
 c - 2 potions of berserk rage
 d - a potion of cancellation
 h - 5 potions of mutation
 j - 6 potions of might
 l - a potion of heal wounds
 n - 2 potions of invisibility
 B - 2 potions of curing


   Skills:
 + Level 11.2 Fighting
 + Level 11.1 Dodging
 * Level 17.9 Unarmed Combat


You had 13 spell levels left.
You didn't know any spells.
Your spell library was empty.

Dungeon Overview and Level Annotations

Branches:
Dungeon (15/15)            Temple (0/1) D:4            Lair (0/6) D:10
    Orc (0/2) D:10         Vaults (0/5) D:14         Bailey (visited)
  IceCv (visited)
 Depths: D:15

Altars:
Dithmenos
Fedhas
Okawaru
Uskayaw
Vehumet

Shops:
D:2 (   D:4 !

Annotations:
D:14 1 exclusion


Innate Abilities, Weirdness & Mutations

You are too large for most types of armour.
You have claws for hands.
Your natural rate of healing is unusually fast.
You are covered in fur. (AC +1)
You have tough skin. (AC +1)


Message History

The purple ugly thing is severely wounded.
You mangle the purple ugly thing!!
The purple ugly thing is almost dead.
The purple ugly thing closely misses you.
The purple ugly thing basks in the mutagenic energy from its kin and changes!
You closely miss the purple ugly thing.
The purple ugly thing is almost dead.
You closely miss the purple ugly thing.
The purple ugly thing is almost dead.
The purple ugly thing headbutts you!
* * * LOW HITPOINT WARNING * * *
You eviscerate the purple ugly thing!!!
You kill the purple ugly thing!
Trog accepts your kill. The manticore bites you!!
* * * LOW HITPOINT WARNING * * *
The manticore closely misses you. The manticore claws you.
* * * LOW HITPOINT WARNING * * *
The brown ugly thing barely misses you.
Things that are here:
a +0 long sword; a +0 leather armour; an elf corpse You mangle the manticore!!
The manticore is heavily wounded.
The green ugly thing closely misses you.
You mangle the manticore!!
You kill the manticore!
Trog accepts your kill. The brown ugly thing bites you!
* * * LOW HITPOINT WARNING * * *
The acid corrodes you!
You are splashed with acid!
* * * LOW HITPOINT WARNING * * *
The green ugly thing engulfs you!
* * * LOW HITPOINT WARNING * * *
You see here a manticore corpse.
You are too berserk!
You feel a strong urge to attack something.
The brown ugly thing bites you!
* * * LOW HITPOINT WARNING * * *
You are splashed with acid!
You die...

.# ########.# #........#
#........## #...<.....
#.......# #.......#
#...@...# #..u†u..# ###
####)#### ... #..# #.#
##.# #. #.#
#####.#####.... #####.##
#.....†........
#......#####.###...###..##
#.###......#.##....#


You could see 2 ugly things.

Vanquished Creatures
  A frost giant (IceCv)
  5 slime creatures
  4 vault guards (D:14)
  A hydra (D:12)
  3 boulder beetles
  A rakshasa (D:13)
  3 centaur warriors
  An ogre mage (D:14)
  6 two-headed ogres
  7 death yaks (IceCv)
  A deep elf knight (D:14)
  Nergalle (D:10)
  3 skeletal warriors (D:14)
  3 orc knights
  3 deep elf pyromancers
  18 ugly things
  2 manticores
  An orc sorcerer (D:14)
  7 cyclopes
  Maurice (D:12)
  An ice statue (IceCv)
  3 gargoyles
  Psyche (D:8)
  An unseen horror (D:7)
  A komodo dragon (D:13)
  2 kobold demonologists (D:14)
  7 rime drakes (IceCv)
  A freezing wraith (D:15)
  A yaktaur (D:14)
  2 tengu conjurers (D:14)
  2 ice devils (D:13)
  3 trolls
  A hornet (D:8)
  4 polar bears (IceCv)
  A shadow (D:10)
  A centaur simulacrum (D:14)
  15 yaks
  2 wraiths
  A wyvern (D:8)
  A basilisk (D:12)
  2 steam dragons (D:8)
  3 acid dragons
  Duvessa (D:4)
  2 water moccasins (D:8)
  An ice beast (D:7)
  A sky beast (D:6)
  13 orc warriors
  A necrophage (D:8)
  7 wolves (IceCv)
  2 ogres
  15 centaurs
  3 phantoms
  3 kobold brigands
  3 bullfrogs
  2 scorpions (D:7)
  A water moccasin zombie (D:6)
  Dowan (D:4)
  A troll zombie (D:10)
  5 wights
  2 howler monkeys
  6 centaur zombies
  A bullfrog zombie (D:5)
  5 gnoll shamans
  3 orc priests
  Crazy Yiuf (D:2)
  Ijyb (D:3)
  8 orc wizards
  3 iguanas
  A statue (D:3)
  5 ogre zombies (D:10)
  2 howler monkey zombies
  Robin (D:3)
  30 gnolls
  4 adders
  2 shadow imps
  A white imp (D:5)
  5 ufetubi
  2 worms
  A dart slug (D:3)
  34 orcs
  6 ball pythons
  4 bats
  6 endoplasms
  4 giant cockroaches
  46 goblins
  28 hobgoblins
  12 jackals
  4 quokkas
  2 frilled lizards (D:2)
  3 goblin skeletons (D:10)
  4 goblin zombies (D:10)
  A hobgoblin skeleton (D:10)
  A hobgoblin zombie (D:10)
  18 kobolds
  10 orc zombies (D:10)
  3 rats
460 creatures vanquished.

Vanquished Creatures (collateral kills)
  A deep elf archer (D:14)
  An orc warrior (Bailey)
  An orc (Bailey)
3 creatures vanquished.

Vanquished Creatures (others)
  A sky beast (D:8)
  An orc warrior (Bailey)
2 creatures vanquished.

Grand Total: 465 creatures vanquished

Notes
Turn   | Place    | Note
-------+----------+-------------------------------------------
     0 | D:1      | sanboga the Troll Berserker began the quest for the Orb.
     0 | D:1      | Reached XP level 1. HP: 22/22 MP: 0/0
   249 | D:1      | Found a faded altar of an unknown god.
   370 | D:1      | Reached XP level 2. HP: 29/29 MP: 1/1
  1000 | D:2      | Reached XP level 3. HP: 36/36 MP: 2/2
  1049 | D:2      | Reached ** piety under Trog
  1091 | D:2      | Found a shadowy altar of Dithmenos.
  1107 | D:2      | Found Pyjan's Antique Weapon Emporium.
  1569 | D:2      | Found a runed translucent door.
  1570 | D:2      | Noticed Crazy Yiuf
  1745 | D:2      | Killed Crazy Yiuf
  1746 | D:2      | Reached skill level 4 in Unarmed Combat
  1746 | D:2      | Reached XP level 4. HP: 44/44 MP: 3/3
  1856 | D:3      | You fall into a shaft and drop 1 floor!
  1942 | D:4      | Noticed Duvessa
  1942 | D:4      | Noticed Dowan
  1965 | D:4      | Killed Duvessa
  1966 | D:4      | Reached XP level 5. HP: 53/53 MP: 4/4
  1968 | D:4      | Killed Dowan
  1969 | D:4      | Reached skill level 5 in Unarmed Combat
  2062 | D:4      | Found Leah's Distillery.
  2073 | D:4      | Bought a potion of heal wounds for 55 gold pieces
  2073 | D:4      | Bought a potion of degeneration for 11 gold pieces
  2099 | D:4      | Noticed an ogre
  2103 | D:4      | Killed an ogre
  2104 | D:4      | Reached XP level 6. HP: 61/61 MP: 5/5
  2426 | D:3      | Noticed Robin
  2455 | D:3      | Killed Robin
  2740 | D:3      | Reached *** piety under Trog
  2747 | D:3      | Reached skill level 6 in Unarmed Combat
  2762 | D:3      | Reached XP level 7. HP: 21/68 MP: 6/6
  3090 | D:3      | Reached **** piety under Trog
  3316 | D:3      | Found a shadowy altar of Dithmenos.
  3474 | D:3      | Found a radiant altar of Vehumet.
  3475 | D:3      | Noticed Ijyb
  3482 | D:3      | Killed Ijyb
  3584 | D:3      | Noticed a +0 dagger
  3585 | D:3      | Noticed a +0 hand axe
  3586 | D:3      | Found a hide-covered altar of Uskayaw.
  3966 | D:4      | Found a staircase to the Ecumenical Temple.
  4173 | D:5      | Entered Level 5 of the Dungeon
  4813 | D:6      | Reached skill level 7 in Unarmed Combat
  4822 | D:6      | Reached XP level 8. HP: 56/79 MP: 7/7
  4966 | D:6      | Identified the +0 chain mail of Siuklud {rC++ Int+3 SInv}
  4969 | D:6      | Noticed a troll
  4973 | D:6      | Reached ***** piety under Trog
  4978 | D:6      | Killed a troll
  4979 | D:6      | Reached skill level 5 in Fighting
  4979 | D:6      | Reached skill level 5 in Dodging
  4979 | D:6      | Reached skill level 8 in Unarmed Combat
  5347 | D:7      | Identified a scroll of acquirement
  5347 | D:7      | Acquired 308 gold pieces
  5499 | D:7      | Killed an unseen horror
  5500 | D:7      | Reached skill level 9 in Unarmed Combat
  5500 | D:7      | Reached XP level 9. HP: 58/88 MP: 8/8
  5804 | D:7      | Found a flagged portal.
  5815 | Bailey   | Entered a bailey
  6068 | Bailey   | Found a large runed translucent door.
  6068 | Bailey   | Found a large runed translucent door.
  6068 | Bailey   | Noticed an orc knight
  6074 | Bailey   | Reached skill level 10 in Unarmed Combat
  6075 | Bailey   | Noticed a deep elf pyromancer
  6095 | Bailey   | Killed an orc knight
  6159 | Bailey   | Found the +8 longbow "Zephyr" {speed, Dex+3 SInv}
  6208 | Bailey   | Killed a deep elf pyromancer
  6209 | Bailey   | Reached XP level 10. HP: 100/100 MP: 9/9
  6611 | D:7      | Found an iron altar of Okawaru.
  6936 | D:8      | Reached skill level 11 in Unarmed Combat
  7048 | D:8      | Noticed a cyclops
  7065 | D:8      | Killed a cyclops
  7073 | D:8      | Noticed Psyche
  7150 | D:8      | Killed Psyche
  7342 | D:8      | Reached skill level 12 in Unarmed Combat
  7776 | D:9      | Noticed a centaur warrior
  7778 | D:9      | Noticed a gargoyle
  7784 | D:9      | Killed a centaur warrior
  7789 | D:9      | Killed a gargoyle
  8100 | D:9      | Noticed a two-headed ogre
  8109 | D:9      | Killed a two-headed ogre
  8110 | D:9      | Reached XP level 11. HP: 110/110 MP: 10/10
  8463 | D:10     | Entered Level 10 of the Dungeon
  8476 | D:10     | Noticed Nergalle
  8487 | D:10     | Killed Nergalle
  8586 | D:10     | Found a staircase to the Orcish Mines.
  8722 | D:10     | Received a gift from Trog
  8863 | D:10     | Reached skill level 13 in Unarmed Combat
  9375 | D:10     | Found a staircase to the Lair.
  9581 | D:11     | Noticed a two-headed ogre
  9588 | D:11     | Killed a two-headed ogre
  9772 | D:11     | Noticed a two-headed ogre
  9774 | D:11     | Killed a two-headed ogre
 10223 | D:12     | Noticed Maurice
 10232 | D:12     | Killed Maurice
 10415 | D:12     | Reached skill level 14 in Unarmed Combat
 10427 | D:12     | Reached XP level 12. HP: 93/122 MP: 11/11
 10553 | D:12     | Noticed a two-headed ogre
 10560 | D:12     | Killed a two-headed ogre
 10653 | D:12     | Noticed a two-headed ogre
 10660 | D:12     | Killed a two-headed ogre
 10708 | D:12     | Noticed a two-headed ogre
 10715 | D:12     | Killed a two-headed ogre
 10834 | D:12     | Noticed a seven-headed hydra
 10842 | D:12     | Killed a nine-headed hydra
 11153 | D:13     | Reached skill level 15 in Unarmed Combat
 11180 | D:13     | Noticed a rakshasa
 11193 | D:13     | Killed a rakshasa
 11213 | D:13     | Found a faded altar of an unknown god.
 11255 | D:13     | Noticed a boulder beetle
 11269 | D:13     | Killed a boulder beetle
 11309 | D:13     | Found a frozen archway.
 11327 | IceCv    | Entered an ice cave
 11373 | IceCv    | Noticed a death yak
 11396 | IceCv    | Killed a death yak
 11468 | IceCv    | Noticed a death yak
 11468 | IceCv    | Noticed a death yak
 11474 | IceCv    | Noticed a death yak
 11475 | IceCv    | Killed a death yak
 11479 | IceCv    | Killed a death yak
 11480 | IceCv    | Reached XP level 13. HP: 133/133 MP: 12/12
 11605 | IceCv    | Received a gift from Trog
 11616 | IceCv    | Reached skill level 16 in Unarmed Combat
 11618 | IceCv    | Reached skill level 10 in Fighting
 11654 | IceCv    | Noticed a frost giant
 11662 | IceCv    | Killed a frost giant
 11663 | IceCv    | Reached skill level 10 in Dodging
 12670 | D:14     | Found an iron altar of Okawaru.
 12820 | D:14     | Reached skill level 17 in Unarmed Combat
 13097 | D:14     | Found a gate to the Vaults.
 13425 | D:14     | Reached XP level 14. HP: 144/144 MP: 13/13
 13556 | D:14     | Received a gift from Trog
 13699 | D:15     | Entered Level 15 of the Dungeon
 14109 | D:15     | Found a blossoming altar of Fedhas.
 14260 | D:15     | HP: 10/219 [green ugly thing (15)]
 14261 | D:15     | Splashed by a brown ugly thing's acid

Illustrated notes

Levels and vault maps discovered:
D:1:      dpeg_arrival_circle_labyrinth_a, layout_loops_corners,
          hellmonk_ecumenical_altar_arch_garden
D:2:      layout_basic, basic_altar, serial_shops, nicolae_shop_statue_plus,
          uniq_crazy_yiuf_cottage
D:3:      minmay_goblin_kobold_castle, layout_basic, dancing_weapons_uskayaw,
          vehumet_statue, nicolae_dithmenos_shadow_blocks,
          minmay_fractal_squares_gapless_5, uniq_robin, uniq_ijyb
D:4:      layout_basic, minmay_temple_entry_enclosed_plants,
          kennysheep_windowed_goal, uniq_duvessa
D:5:      layout_loops_ring
D:6:      layout_cave_pools
D:7:      layout_loops_corners, lemuel_crystal_altar, enter_bailey_5,
          amcnicky_mini_corridor_feature
D:8:      minmay_imperfect_grid, layout_rooms, uniq_psyche
D:9:      kennysheep_big_flooded_room, layout_basic, minmay_splitting_lines
D:10:     layout_loops_ring, lair_entry_dummy, zombieorc1_lemuel, uniq_nergalle
D:11:     layout_loops_ring
D:12:     layout_loops_ring, uniq_maurice
D:13:     layout_cave_pools, portal_ice_cave_demonic_guard, serial_column_ruins,
          column_ruins_temple_circle, column_ruins_hut_pillars,
          column_ruins_columns_straight, column_ruins_open_small,
          column_ruins_columns_corner, column_ruins_grid_3, column_ruins_grid_1
D:14:     layout_loops_corners, grunt_vaults_entry_fortified,
          okawaru_metal_pillars_1_2
D:15:     hangedman_depths_entry_try_elsewhere_first, layout_loops_cross,
          fedhas_altar_2

Skill      XL: |  1  2  3  4  5  6  7  8  9 10 11 12 13 14 |
---------------+-------------------------------------------+-----
Dodging        | 3 4 5 6 7 8 9 10 11 | 11.1
Unarmed Combat | 4 5 6 7 9 10 12 14 15 17 | 17.9
Fighting       | 3 4 5 6 7 8 9 10 11 | 11.2

Action                   |  1- 3 |  4- 6 |  7- 9 | 10-12 | 13-15 || total
-------------------------+-------+-------+-------+-------+-------++-------
Melee: Unarmed           |    89 |   127 |   381 |   528 |   353 ||  1478
       Punch             |       |     3 |    14 |    35 |    33 ||    85
Invok: Berserk           |     1 |     4 |     6 |    10 |     8 ||    29
       Trog's Hand       |       |       |     1 |       |       ||     1
Evoke: Wand              |       |       |     4 |     6 |     5 ||    15
  Use: Scroll            |       |       |    16 |     5 |     1 ||    22
       Potion            |       |       |     1 |     5 |       ||     6
Armor: Animal skin       |    31 |    55 |   154 |    34 |       ||   274
       Robe              |       |       |       |   109 |       ||   109
       Troll leather arm |       |       |       |    25 |    84 ||   109
Dodge: Dodged            |    48 |    85 |   306 |   374 |   213 ||  1026
